 Dungeon Crawl Stone Soup version 0.20-a0-151-g755e310 (webtiles) character file.

188 KristoblXynda the Shield-Bearer (level 5, -5/73 HPs)
             Began as a Naga Fighter on Nov 22, 2016.
             Killed from afar by an orc wizard (10 damage)
             ... with a magic dart
             ... on level 3 of the Dungeon.
             The game lasted 00:04:57 (2218 turns).

KristoblXynda the Shield-Bearer (Naga Fighter)      Turns: 2218, Time: 00:04:57

Health: -5/73      AC: 22    Str: 19    XL:     5   Next: 67%
Magic:  14/14      EV:  1    Int:  9    God:
Gold:   103        SH: 13    Dex: 10    Spells: 4/4 levels left

rFire  . . .     SeeInvis +     a - +0 long sword
rCold  . . .     Gourm    .     (armour currently unavailable)
rNeg   + + +     Faith    .     c - +1 shield
rPois  +         Spirit   .     (helmet currently unavailable)
rElec  .         Reflect  +     (cloak currently unavailable)
rCorr  .         Harm     .     (gloves currently unavailable)
MR     .....     NoTele   +     (no barding)
Stlth  +.........               g - +3 amulet of reflection
                                m - ring of magical power
                                (no ring)

@: lethally poisoned (-5 -> -6), tree-form, very slightly contaminated, hasted,
very quick
A: see invisible, (deformed body), (poison resistance), (slowness 0), slow
metabolism 1, spit poison 1, AC +1
a: Spit Poison


You were on level 3 of the Dungeon.
You were hungry.
You were a tree.
You visited 1 branch of the dungeon, and saw 3 of its levels.

You collected 103 gold pieces.

Inventory:

Hand Weapons
 a - a +0 long sword (weapon)
 h - a +1 whip of electrocution
Armour
 b - a +0 scale mail (melded)
 c - a +1 shield (worn)
Jewellery
 g - a +3 amulet of reflection (around neck)
 m - a ring of magical power (right branch)
Scrolls
 e - 4 scrolls of identify
 n - 2 scrolls of remove curse
Potions
 d - 4 potions of might
Comestibles
 f - 3 bread rations
 i - a meat ration
 j - a beef jerky


   Skills:
 - Level 3.0 Fighting
 + Level 3.3 Long Blades
 + Level 3.4 Armour
 + Level 3.8 Shields


You had 4 spell levels left.
You didn't know any spells.

Dungeon Overview and Level Annotations

Branches:
Dungeon (3/15)

Altars:


Innate Abilities, Weirdness & Mutations

You cannot wear boots.
((Your serpentine skin is tough. (AC +1)))
You have supernaturally acute eyesight. (SInv)
((Armour fits poorly on your strangely shaped body.))
((Your system is resistant to poisons. (rPois)))
((You cover ground very slowly.))
You have a slow metabolism.
You can spit poison.


Message History

You closely miss the orc wizard.
The orc wizard is heavily wounded.
The orc wizard hits you but does no damage.
You hit the orc wizard but do no damage.
The orc wizard is heavily wounded.
You feel sick. You block the orc wizard's attack.
You closely miss the orc wizard.
The orc wizard is heavily wounded.
The orc wizard looks more healthy.
You hit the orc wizard but do no damage.
The orc wizard is severely wounded.
The orc wizard hits you but does no damage.
You hit the orc wizard.
The orc wizard is severely wounded.
You block the orc wizard's attack.
Your shield prevents you from hitting the orc wizard.
The orc wizard is severely wounded.
The orc wizard points at you and mumbles some strange words.
The magic dart hits you!
You die...

...#.####........##
...#.. ##........#
...# #........# ...
#........#
##.......#
###.......#
#oo)o###### #
#o##.# #.#♣##.#
#..†...# ##.###.#
#. .# #. .# ##


You could see an orc wizard (invisible) and 2 orcs.

Vanquished Creatures
  An orc wizard (D:3)
  4 gnolls (D:3)
  6 adders
  2 worms
  A dart slug (D:2)
  An orc (D:3)
  3 giant cockroaches (D:1)
  4 goblins
  8 hobgoblins
  2 jackals (D:3)
  3 quokkas
  5 bats
  5 frilled lizards
  7 kobolds
  10 rats
62 creatures vanquished.

Notes
Turn   | Place    | Note
-------+----------+-------------------------------------------
     0 | D:1      | KristoblXynda the Naga Fighter began the quest for the Orb.
     0 | D:1      | Reached XP level 1. HP: 21/21 MP: 1/1
    77 | D:1      | Reached XP level 2. HP: 25/28 MP: 2/2
   925 | D:2      | Reached XP level 3. HP: 31/34 MP: 3/3
  1453 | D:2      | Reached XP level 4. HP: 39/42 MP: 4/4
  1962 | D:3      | Reached XP level 5. HP: 12/49 MP: 5/5
  2218 | D:3      | Killed from afar by an orc wizard

Vault maps used:
D:1:      onia_arrival_larder, minmay_stone_trees_medium
D:2:      first_bread
D:3:      fedhas_altar_3, gammafunk_temple_overflow_claw, grunt_ministairs_10,
          uniq_iyjb

Skill      XL: |  1  2  3  4  5 |
---------------+----------------+-----
Shields        | 3 |  3.8
Armour         | 3 |  3.4
Long Blades    | 3 |  3.3
Fighting       | |  3.0

Action                   |  1- 3 |  4- 6 || total
-------------------------+-------+-------++-------
Melee: Long sword        |   113 |   152 ||   265
       Whip              |     7 |       ||     7
 Abil: Spit Poison       |    14 |    12 ||    26
  Use: Scroll            |     6 |     1 ||     7
       Potion            |       |     4 ||     4
  Eat: Chunk             |     1 |     3 ||     4
Armor: Scale mail        |    48 |    45 ||    93
       Skin              |       |    36 ||    36
Dodge: Dodged            |    30 |    17 ||    47
Block: Shield            |    74 |   120 ||   194
       Rpst.: Long sword |     9 |     2 ||    11
